 Dungeon Crawl Stone Soup version 0.27.1-33-g824d729ab1 (webtiles) character file.

Game seed: 16703499878938421629

291 Garessta the Covert (level 6, 0/52 HPs)
             Began as a Kobold Brigand on Dec 10, 2021.
             Slain by a wyvern zombie (1 damage)
             ... on level 4 of the Dungeon.
             The game lasted 00:07:59 (3788 turns).

Garessta the Covert (Kobold Brigand)                Turns: 3788, Time: 00:08:00

Health: 0/52       AC: 23    Str:  8    XL:     6   Next: 58%
Magic:  6/6        EV:  3    Int: 13    God:
Gold:   207        SH:  0    Dex: 18    Spells: 5/5 levels left

rFire    . . .     SeeInvis .   a - +2 dagger
rCold    . . .     Faith    .   (shield restricted)
rNeg     + + +     Spirit   .   (armour currently unavailable)
rPois    +         Reflect  .   (helmet currently unavailable)
rElec    .         Harm     .   (cloak currently unavailable)
rCorr    .         Rampage  .   (gloves currently unavailable)
Will     .....     NoTele   +   (boots currently unavailable)
Stlth    +++++.....             (no amulet)
HPRegen  0.17/turn              (no ring)
MPRegen  0.10/turn              (no ring)

@: tree-form, hasted, very quick
A: stationary, stasis, torment immunity, boosted hp, small, no large weapons,
nightstalker 3
a: no special abilities


You were on level 4 of the Dungeon.
You were a tree.
You visited 1 branch of the dungeon, and saw 4 of its levels.

You collected 207 gold pieces.

Inventory:

Hand Weapons
 a - a +2 dagger (weapon)
Missiles
 b - a curare-tipped dart
 d - 31 poisoned darts (quivered)
Armour
 c - a +0 cloak (melded)
 e - a +2 animal skin (melded)
 h - a +0 helmet (melded)
Scrolls
 f - 2 scrolls of teleportation
 g - 2 scrolls of magic mapping
 i - 2 scrolls of amnesia {unknown}
 j - a scroll of fear {unknown}
 k - a scroll of enchant armour {unknown}
 n - a scroll of noise {unknown}


   Skills:
 - Level 2.1 Fighting
 + Level 5.1 Short Blades
 + Level 2.9 Throwing
 - Level 1.2 Dodging
 * Level 8.8 Stealth


You had 5 spell levels left.
You didn't know any spells.
Your spell library was empty.

Dungeon Overview and Level Annotations

Branches:
Dungeon (4/15)
 Temple: D:4-7

Altars:
Okawaru
Qazlal
Ru

Shops:
D:3 [


Innate Abilities, Weirdness & Mutations

You are a tree.
Your roots penetrate the ground, keeping you stationary.
You cannot be teleported.
You are immune to unholy pain and torment.
Your maximum health is greatly increased.
Your equipment is partially melded.
You are small and have problems with some larger weapons.
You are completely attuned to the shadows.


Message History

The wyvern zombie is moderately damaged.
The wyvern zombie misses you.
You hit the wyvern zombie.
The wyvern zombie is moderately damaged.
The wyvern zombie bites you.
You hit the wyvern zombie.
The wyvern zombie is moderately damaged.
The wyvern zombie bites you but does no damage.
You hit the wyvern zombie.
The wyvern zombie is moderately damaged.
The wyvern zombie closely misses you.
You aren't carrying any items that you can evoke.
Okay, then.
Okay, then.
The wyvern zombie bites you!
* * * LOW HITPOINT WARNING * * *
Really quaff the potion of lignification?
You turn into a tree.
Your +0 cloak melds into your body.
Your +0 helmet melds into your body.
Your +2 animal skin melds into your body.
Your roots penetrate the ground.
The wyvern zombie bites you.
* * * LOW HITPOINT WARNING * * *
It was a potion of haste.
You feel yourself speed up.
The wyvern zombie bites you but does no damage.
You hit the wyvern zombie.
The wyvern zombie is heavily damaged.
The wyvern zombie bites you but does no damage.
You hit the wyvern zombie.
The wyvern zombie is severely damaged.
The wyvern zombie barely misses you.
You hit the wyvern zombie.
The wyvern zombie is severely damaged.
You hit the wyvern zombie.
The wyvern zombie is severely damaged.
The wyvern zombie bites you.
* * * LOW HITPOINT WARNING * * *
You hit the wyvern zombie but do no damage.
The wyvern zombie is severely damaged.
The wyvern zombie bites you.
You die...

###..## ##.# ###Z...#
#...#### #..###o...†..
#<#.†..##
#....).###.#.
#.####..# ##..#####
#..Z #. ##.# ##...#
.... #.# ###.(..# .##
#.# ##.# ##..>..##
#.####..####.Z##.##
#####.##...###..♣##..#
....#.##.###.>.### .##
....#.##.# #)###
....#....# #.#
....#..#####(# .
.......))....#.#
....#..#....##.#
.......##....(.#
...[.........#.##


You could see a wyvern zombie.

Vanquished Creatures
  An orc warrior (D:4)
  A howler monkey (D:4)
  Jessica (D:2)
  An iguana (D:3)
  Robin (D:3)
  2 adders (D:3)
  4 worms
  4 orcs
  4 endoplasms
  A giant cockroach (D:1)
  10 goblins
  8 hobgoblins
  4 jackals (D:1)
  4 kobolds
  2 quokkas
  5 ball pythons
  2 bats
  4 frilled lizards
  3 rats
62 creatures vanquished.

Notes
Turn   | Place    | Note
-------+----------+-------------------------------------------
     0 | D:1      | Garessta the Kobold Brigand began the quest for the Orb.
     0 | D:1      | Reached XP level 1. HP: 12/12 MP: 1/1
   305 | D:1      | Reached XP level 2. HP: 17/17 MP: 2/2
   487 | D:1      | Reached skill level 6 in Stealth
   659 | D:1      | Reached XP level 3. HP: 21/21 MP: 3/3
  1012 | D:2      | Noticed Jessica
  1193 | D:2      | Found a stormy altar of Qazlal.
  1221 | D:2      | Killed Jessica
  1222 | D:2      | Reached skill level 7 in Stealth
  1222 | D:2      | Reached XP level 4. HP: 14/26 MP: 4/4
  1824 | D:3      | Found a sacrificial altar of Ru.
  1824 | D:3      | Found an iron altar of Okawaru.
  2260 | D:3      | Found Buetetah's Antique Armour Shoppe.
  2548 | D:3      | Reached XP level 5. HP: 30/30 MP: 5/5
  2817 | D:3      | Noticed Robin
  2849 | D:3      | Killed Robin
  3476 | D:4      | Reached skill level 8 in Stealth
  3599 | D:4      | Reached XP level 6. HP: 35/35 MP: 6/6
  3600 | D:4      | Noticed an orc warrior
  3641 | D:4      | Killed an orc warrior
  3642 | D:4      | Reached skill level 5 in Short Blades
  3787 | D:4      | HP: 1/52 [wyvern zombie (4)]
  3788 | D:4      | Slain by a wyvern zombie

Illustrated notes

Levels and vault maps discovered:
D:1:      minmay_arrival_doors, layout_loops_ring
D:2:      layout_basic, basic_altar, uniq_jessica
D:3:      layout_basic, jmf_multi_god_temple, serial_shops,
          nicolae_shop_overgrown_old_shop, uniq_robin
D:4:      layout_rooms

Skill      XL: |  1  2  3  4  5  6 |
---------------+-------------------+-----
Short Blades   | 3 4 5 |  5.1
Stealth        | 6 7 8 |  8.8
Fighting       | |  2.1
Throwing       | |  2.9
Dodging        | |  1.2

Action                   |  1- 3 |  4- 6 || total
-------------------------+-------+-------++-------
Melee: Dagger            |    56 |    67 ||   123
Throw: Dart              |    12 |    27 ||    39
  Use: Scroll            |       |     4 ||     4
       Potion            |       |     2 ||     2
 Stab: Sleeping          |    18 |    18 ||    36
       Distracted        |       |     1 ||     1
Armor: Robe              |     5 |     4 ||     9
       Animal skin       |       |     5 ||     5
       Skin              |       |     2 ||     2
Dodge: Dodged            |    25 |    39 ||    64
